 Dungeon Crawl Stone Soup version 0.14-a0-942-gbd853f2 (webtiles) character file.

454 PolkaDot the Ruinous (level 6, -1/41 HPs)
             Began as a Vampire Conjurer on Nov 20, 2013.
             Slain by a centaur (7 damage)
             ... on Level 4 of the Dungeon.
             The game lasted 00:15:20 (3759 turns).

PolkaDot the Ruinous (Vampire Conjurer)             Turns: 3759, Time: 00:15:21

HP  -1/41        AC  4     Str  7      XL: 6   Next: 43%
MP   4/13        EV 12     Int 17 (19) God:
Gold 80          SH  0     Dex 14      Spells:  3 memorised,  4 levels left

Res.Fire  : . . .   See Invis. : +   g - +2 elf short sword
Res.Cold  : . . .   Warding    : .   a - +0 robe
Life Prot.: + . .   Conserve   : .   (no shield)
Res.Poison: .       Res.Corr.  : .   f - +1 wizard hat
Res.Elec. : .       Clarity    : .   i - +0 cloak
Sust.Abil.: . .     Spirit.Shd : .   (no gloves)
Res.Mut.  : .       Stasis     : .   (no boots)
Res.Rott. : .       Flight     : .   (no amulet)
Saprovore : . . .                    (no ring)
                                     n - ring of positive energy

@: regenerating quickly, very slightly contaminated, slightly resistant to
hostile enchantments, stealthy
A: bottle blood, fangs 3, see invisible, unbreathing
a: Bottle Blood


You were on level 4 of the Dungeon.
You were very full.

You visited 1 branch of the dungeon, and saw 4 of its levels.

You collected 80 gold pieces.

Inventory:

Hand weapons
 g - a +2,+2 elven short sword (weapon)
Armour
 a - a +0 robe (worn)
 f - a +1 wizard hat (worn)
 i - a +0 cloak (worn)
Scrolls
 e - 4 scrolls of remove curse
 h - a scroll of identify
Jewellery
 n - a ring of positive energy (left hand)
Potions
 b - 3 potions of speed
 l - a potion of heal wounds
 o - a potion of restore abilities
 p - a potion of resistance
Books
 c - a book of Conjurations

   Spells                             Type                      Level
   *Magic Dart                        Conjuration                  1
   *Searing Ray                       Conjuration                  2
   Dazzling Spray                     Conjuration/Hexes            3
   Iskenderun's Mystic Blast          Conjuration                  4
   *Iskenderun's Battlesphere         Conjuration/Charms           4
   Fulminant Prism                    Conjuration/Hexes            5


   Skills:
 - Level 2.1 Dodging
 - Level 3.0 Stealth
 + Level 3.0 Spellcasting
 * Level 5.1 Conjurations
 + Level 2.0 Charms


You had 4 spell levels left.
You knew the following spells:

 Your Spells              Type           Power        Failure   Level  Hunger
a - Magic Dart            Conj           ###.         2%          1    None
b - Iskenderun's Battles  Conj/Chrm      ##......     45%         4    ####...
s - Searing Ray           Conj           ###...       3%          2    ##.....


Dungeon Overview and Level Annotations

Branches:
Dungeon (4/16)
 Temple: D:4-7

Altars:


Innate Abilities, Weirdness & Mutations

Your natural rate of healing is unusually fast.
You can bottle blood from corpses.
You have razor-sharp teeth.*
You have supernaturally acute eyesight.
You can survive without breathing.*


Message History

Your skin glows momentarily.
The centaur misses you. The centaur hits you. The centaur hits you.
The centaur hits you but does no damage.
The centaur hits you.
The centaur hits you but does no damage.
Casting: Searing Ray
Confirm with . or Enter, or press ? or * to list all spells.
Aiming: Searing Ray
Press: ? - help, Shift-Dir - straight line, f/p - centaur
Aim: a centaur (lightly wounded)
The searing ray hits the centaur.
The centaur is heavily wounded.
The centaur hits you!
* * * LOW HITPOINT WARNING * * *
The centaur hits you.
* * * LOW HITPOINT WARNING * * *
The searing ray hits the centaur.
The centaur is heavily wounded.
The centaur hits you!
You die...

#...#
######......%#
##### #.......#
##.......#
##..#.....#
##..(......# ###
##..(.........
...####..#.......>
....###c.##.......
....###.@# ..S..c.
..#..##..# ....$.
##..#..## .$...
##....# ....
##...# . . ####


You could see a centaur.

Vanquished Creatures
  A scorpion (D:4)
  An orc wizard (D:4)
  4 gnolls (D:3)
  6 adders
  3 giant geckos (D:2)
  3 orcs
  12 bats
  2 giant cockroaches (D:2)
  8 hobgoblins
  7 kobolds
  2 oozes
  3 quokkas (D:3)
  3 ball pythons
  4 giant newts
  7 goblins
  6 jackals
  An orc skeleton (D:4)
  13 rats
  A ballistomycete (D:4)
87 creatures vanquished.

Vanquished Creatures (others)
  A giant spore (D:4)
1 creature vanquished.

Grand Total: 88 creatures vanquished

Notes
Turn   | Place    | Note
--------------------------------------------------------------
     0 | D:1      | PolkaDot, the Vampire Conjurer, began the quest for the Orb.
     0 | D:1      | Reached XP level 1. HP: 13/13 MP: 4/4
   622 | D:1      | Reached XP level 2. HP: 19/19 MP: 1/5
  1494 | D:2      | Reached XP level 3. HP: 11/24 MP: 1/7
  1503 | D:2      | HP: 1/24 [poisoned by an adder]
  1599 | D:2      | Learned a level 2 spell: Searing Ray
  2008 | D:2      | Reached skill level 4 in Conjurations
  2008 | D:2      | Reached XP level 4. HP: 30/30 MP: 2/8
  3030 | D:3      | Reached XP level 5. HP: 25/35 MP: 6/10
  3457 | D:3      | Learned a level 4 spell: Iskenderun's Battlesphere
  3568 | D:4      | Reached skill level 1 in Charms
  3568 | D:4      | Reached XP level 6. HP: 14/41 MP: 11/13
  3586 | D:4      | Reached skill level 5 in Conjurations
  3744 | D:4      | Noticed a centaur
  3759 | D:4      | Slain by a centaur

Action                   |  1- 3 |  4- 6 || total
-------------------------+-------+-------++-------
Melee: Unarmed           |    68 |     5 ||    73
       Halberd           |       |    19 ||    19
       Dagger            |       |     7 ||     7
       Short sword       |       |    43 ||    43
 Cast: Magic Dart        |    82 |    30 ||   112
       Searing Ray       |     2 |    11 ||    13
  Use: Potion            |     4 |     5 ||     9
       Scroll            |       |     8 ||     8
 Stab: Sleeping          |       |     4 ||     4
       Distracted        |       |     1 ||     1
